AoeStats
← Andrew

Nomad

509539590Analyzed
2v2 RM · 4d ago on Sep 27, 2026· 45m 54s· 4 players
Game mode
Random Map
Map size
176×176
Population
200
Speed
Normal
Resources
Standard
Victory
Conquest
Starting age
Dark Age
Ending age
Imperial Age
RankedLock teamsTeams togetherTeam positionsShared explorationLock speedFull tech treeHidden civsTurbo modeCheats
Victory
Defeat
🇻🇪 Bengalis · Venezuela
838
+14
🇻🇪 Bohemians · Venezuela
820
+15
🇨🇱 Portuguese · Chile
846
-17
🇨🇱 Mapuche · Chile
746
-12
juan
7:07 Loom
16:06 Feudal Age
18:20 Town Watch
18:26 Fishing Lines
20:52 Castle Age
20:28 Forging
20:28 Scale Barding Armor
21:41 Wheelbarrow
22:56 Double-Bit Axe
23:17 Gold Mining
24:21 Horse Collar
25:14 Fletching
25:30 Padded Archer Armor
26:55 Hand Cart
26:42 Heavy Plow
26:54 Bow Saw
27:22 Gold Shaft Mining
27:44 Paiks
28:56 Town Patrol
29:27 Bodkin Arrow
29:47 Leather Archer Armor
30:07 Stone Mining
30:47 Ballistics
32:18 Leather Archer Armor
32:19 Masonry
33:52 Bloodlines
37:32 Imperial Age
35:16 Husbandry
38:10 Iron Casting
37:56 Chain Barding Armor
37:43 Elite Battle Elephant
39:17 Ring Archer Armor
40:24 Conscription
41:16 Chemistry
41:24 Blast Furnace
42:07 Devotion
42:46 Plate Barding Armor
42:14 Bracer
44:14 Elite Ratha (Ranged)
45:17 Mahayana
Andrew
4:44 Loom
19:22 Feudal Age
20:57 Wheelbarrow
22:28 Double-Bit Axe
27:35 Castle Age
26:32 Fishing Lines
29:25 Hand Cart
28:57 Town Watch
29:35 Gillnets
29:59 Medium Warships
30:10 Bow Saw
29:45 Horse Collar
31:59 Demolition Ship
33:52 Heavy Plow
38:22 Imperial Age
38:23 Town Patrol
39:29 Chemistry
38:41 Masonry
43:22 Forging
43:13 Scale Mail Armor
43:04 Fletching
44:59 Elite Hussite Wagon
46:00 Conscription
46:07 Squires
45:28 Man-at-Arms
✟ L¥N V ✟
5:28 Loom
15:15 Feudal Age
15:41 Double-Bit Axe
16:03 Fishing Lines
19:47 Stone Mining
23:46 Castle Age
22:52 Gold Mining
27:16 Stone Shaft Mining
30:59 Town Watch
31:52 Wheelbarrow
35:18 Imperial Age
37:16 Hand Cart
39:48 Chemistry
39:29 Elite Organ Gun
40:36 Ballistics
41:43 Circumnavigation
43:07 Conscription
vicentejoaquin97
5:15 Loom
16:58 Feudal Age
24:33 Wheelbarrow
28:57 Castle Age
29:25 Horse Collar
29:31 Double-Bit Axe
33:54 Fletching
34:22 Pikeman
37:57 Forging
37:47 Scale Mail Armor
38:04 Town Watch
38:39 Gold Mining
39:45 Hand Cart
44:49 Murder Holes
Connection lost

Rejoining the realm…

Still unreachable

The connection could not be restored.

Session expired

The server has moved on; the page needs a fresh start.